 Dungeon Crawl Stone Soup version 0.28.0 (webtiles) character file.

Game seed: 7310692340982435543

672 hikkokomori the Skirmisher (level 7, -12/55 (56) HPs)
             Began as a Formicid Abyssal Knight on Feb 8, 2022.
             Was a Priest of Lugonu.
             Killed by divine providence
             ... invoked by an orc priest
              (16 damage)
             ... on level 6 of the Dungeon.
             The game lasted 00:11:39 (4917 turns).

hikkokomori the Skirmisher (FoAK)                   Turns: 4917, Time: 00:11:40

HP:   -12/55 (56)   AC:  9    Str: 25    XL:     7   Next: 90%
MP:   10/10         EV: 11    Int: 10    God:    Lugonu [***...]
Gold: 253           SH:  5    Dex: 11    Spells: 6/6 levels left

rFire   + . .      SeeInvis +   a - +1 hand axe
rCold   . . .      Faith    .   (no shield)
rNeg    . . .      Spirit   .   r - +2 ring mail {rF+}
rPois   .          Reflect  +   (helmet unavailable)
rElec   .          Harm     .   (no cloak)
rCorr   .          Rampage  .   k - +0 pair of gloves
Will    .....                   (no boots)
Stlth   +.........              v - amulet of reflection
HPRegen 0.18/turn               h - +6 ring of strength
MPRegen 0.12/turn               q - ring of wizardry

@: lightly drained
A: permanent stasis, dig shafts and tunnels, antennae 3, four strong arms
a: Dig, Shaft Self, Renounce Religion, Depart the Abyss, Bend Space, Banish


You were on level 6 of the Dungeon.
You worshipped Lugonu.
Lugonu was most pleased with you.
You visited 2 branches of the dungeon, and saw 7 of its levels.
You visited the Abyss 1 time.

You collected 253 gold pieces.

Inventory:

Hand Weapons
 a - a +1 hand axe (weapon)
 i - the +0 dagger of the Five Beggars {vorpal, rPois rC- Str+4 Stlth-}
   (You found it on level 2 of the Dungeon)

   It inflicts extra damage upon your enemies.
   Str:       It affects your strength (+4).
   rC:        It makes you vulnerable to cold.
   rPois:     It protects you from poison.
   Stlth:     It makes you less stealthy.
 s - a +2 hunting sling of flaming
Missiles
 t - 59 stones
 u - 49 bolts
Armour
 b - a +0 leather armour
 j - a +0 chain mail
 k - a +0 pair of gloves (worn)
 p - a +0 plate armour
 r - a +2 ring mail of fire resistance (worn)
 w - a +2 scale mail of cold resistance
Magical Staves
 x - a staff of death
Jewellery
 e - a ring of ice
 h - a +6 ring of strength (left hand)
 q - a ring of wizardry (right hand)
 v - an amulet of reflection (around neck)
Wands
 y - a wand of polymorph (10)
 B - a wand of iceblast (6)
Scrolls
 c - 6 scrolls of identify {unknown}
 f - a scroll of fear {unknown}
 g - 2 scrolls of vulnerability {unknown}
 l - a scroll of torment {unknown}
 m - 2 scrolls of noise {unknown}
 n - a scroll of teleportation {unknown}
 A - a scroll of enchant weapon {unknown}
Potions
 d - a potion of degeneration {unknown}
 o - a potion of might {unknown}
 z - a potion of brilliance {unknown}


   Skills:
 + Level 5.3 Fighting
 + Level 4.2 Axes
 + Level 4.8 Armour
 - Level 1.0 Dodging
 + Level 1.9 Stealth
 + Level 5.0 Invocations


You had 6 spell levels left.
You didn't know any spells.
Your spell library contained the following spells:

 Spells                   Type           Power      Damage    Failure   Level
 Corpse Rot               Necr/Air       0%         N/A       32%         2
 Poisonous Vapours        Pois/Air       0%         N/A       32%         2
 Static Discharge         Conj/Air       0%         N/A       32%         2
 Dispel Undead            Necr           0%         3d6       89%         4
 Sticky Flame             Conj/Fire      0%         2d3       89%         4
 Borgnjor's Revivificati  Necr           0%         N/A       100%        8
 Necromutation            Tmut/Necr      0%         N/A       100%        8
 Death's Door             Necr           0%         N/A       100%        9


Dungeon Overview and Level Annotations

Branches:
Dungeon (6/15)             Temple (1/1) D:5

Altars:
Sif Muna


Innate Abilities, Weirdness & Mutations

You cannot be hasted, slowed, berserked, paralysed or teleported.
You can dig through walls and to a lower floor.
You have a pair of large antennae on your head. (SInv)
Your four strong arms can wield two-handed weapons with a shield.


Message History

The gnoll is heavily wounded.
You hit the gnoll. The gnoll barely misses you.
The gnoll hits you with a +0 club. The gnoll barely misses you.
You hit the gnoll.
The gnoll is almost dead.
You hit the gnoll.
The gnoll hits you from afar with a +0 spear.
The gnoll hits you with a +0 club.
* * * LOW HITPOINT WARNING * * *
The gnoll hits you with a +0 whip.
* * * LOW HITPOINT WARNING * * *
You hit the gnoll.
You kill the gnoll!
Lugonu accepts your kill.
You hit the gnoll but do no damage. The gnoll completely misses you.
You block the gnoll's attack.
You hit the gnoll.
You kill the gnoll!
Lugonu accepts your kill. The gnoll hits you but does no damage.
You closely miss the orc priest. The orc priest barely misses you.
The gnoll hits you from afar with a +0 spear.
* * * LOW HITPOINT WARNING * * *
You hit the orc priest but do no damage.
The orc priest looks encouraged for a moment.
The gnoll hits you but does no damage.
Unknown command.
You barely miss the orc priest.
The orc priest hits you but does no damage.
The gnoll hits you from afar with a +0 spear.
* * * LOW HITPOINT WARNING * * *
You slash the orc priest!
The orc priest is heavily wounded.
The orc priest barely misses you. The gnoll hits you but does no damage.
Unknown command.
You hit the orc priest.
The orc priest is almost dead.
The orc priest calls down the wrath of Beogh upon you.
Beogh smites you!
You die...

## #.# ###
......# ##
#.#.#.#
####.....>..#
...#.#.#.#.####
.........g)@#
#.#.#.####o# #..
#......# #.# #.#
#.....{# #.# #.#
.. #..{...###.#
###.#### ...
#..........#
#......#....
#......###.#
#.....$#....
#..[...#
#.###...........
#......#
#.##............


You could see an orc priest and a gnoll.

Vanquished Creatures
  Menkaure (D:5)
  A phantom (D:5)
  A bullfrog zombie (D:6)
  A jelly (D:5)
  A hound (D:4)
  A bullfrog skeleton (D:6)
  2 iguanas
  An orc wizard (D:5)
  A hound zombie (D:5)
  Robin (D:4)
  A howler monkey zombie (D:5)
  3 gnolls (D:6)
  An adder (D:6)
  An adder skeleton (D:4)
  2 worms (D:2)
  2 dart slugs (D:1)
  6 orcs
  8 bats
  3 endoplasms
  4 giant cockroaches
  9 hobgoblins
  7 jackals
  7 kobolds
  2 quokkas
  6 ball pythons
  8 frilled lizards
  11 goblins
  10 rats
102 creatures vanquished.

Notes
Turn   | Place    | Note
-------+----------+-------------------------------------------
     0 | Abyss:1  | hikkokomori the Formicid Abyssal Knight began the quest for
                  | the Orb.
     0 | Abyss:1  | Reached XP level 1. HP: 18/18 MP: 2/2
    20 | Abyss:2  | Noticed a flying skull
    26 | D:1      | Escaped the Abyss
   173 | D:1      | Reached skill level 1 in Dodging
   177 | D:1      | Reached * piety under Lugonu
   258 | D:1      | Reached XP level 2. HP: 22/24 MP: 3/3
   650 | D:1      | Reached XP level 3. HP: 25/29 MP: 4/4
  1128 | D:1      | Found a faded altar of an unknown god.
  1612 | D:2      | Reached XP level 4. HP: 37/37 MP: 6/6
  1625 | D:2      | Identified the +0 dagger of the Five Beggars {vorpal, rPois
                  | rC- Str+4 Stlth-}
  1644 | D:2      | Reached ** piety under Lugonu
  2812 | D:4      | Reached XP level 5. HP: 13/42 MP: 7/7
  3074 | D:4      | Noticed Robin
  3113 | D:4      | Killed Robin
  3193 | D:5      | Entered Level 5 of the Dungeon
  3234 | D:5      | Reached *** piety under Lugonu
  3582 | D:5      | Reached XP level 6. HP: 30/49 MP: 8/8
  3707 | D:5      | Noticed Menkaure
  3714 | D:5      | Killed Menkaure
  4071 | D:5      | Reached XP level 7. HP: 35/55 MP: 10/10
  4262 | D:5      | Found a staircase to the Ecumenical Temple.
  4274 | Temple   | Entered the Ecumenical Temple
  4514 | D:6      | Reached skill level 5 in Fighting
  4767 | D:6      | Reached skill level 1 in Stealth
  4854 | D:6      | Reached skill level 5 in Invocations
  4917 | D:6      | Killed from afar by an orc priest

Illustrated notes

Levels and vault maps discovered:
D:1:      dpeg_arrival_simpleton_b, layout_basic,
          shapermc_ecumenical_altar_hornbeckon, minmay_octomino_e4
D:2:      layout_basic, minmay_increasing_density
D:3:      wander_river, layout_basic
D:4:      layout_rooms, chequers_decorated_corner, kennysheep_generic_room_13,
          uniq_robin, uniq_blork_the_orc
D:5:      layout_loops_ring, minmay_temple_entry_antechambers, uniq_menkaure
D:6:      layout_rooms, minmay_tree_intersection, st_stairs_8,
          uniq_prince_ribbit1
Temple:   mainiacjoe_temple_archimedes_tessellation

Skill      XL: |  1  2  3  4  5  6  7 |
---------------+----------------------+-----
Dodging        | 1 |  1.0
Armour         | 3 4 |  4.8
Invocations    | 3 4 5 |  5.0
Fighting       | 4 5 |  5.3
Axes           | 3 4 |  4.2
Stealth        | 1 |  1.9

Action                   |  1- 3 |  4- 6 |  7- 9 || total
-------------------------+-------+-------+-------++-------
Melee: Hand axe          |   114 |   161 |    80 ||   355
       Punch             |     1 |     3 |     1 ||     5
       Dagger            |       |    17 |       ||    17
 Fire: Hunting sling     |       |     3 |       ||     3
Invok: Depart the Abyss  |     1 |       |       ||     1
       Banish            |       |       |     1 ||     1
 Abil: Dig               |       |       |     2 ||     2
 Stab: Sleeping          |     1 |       |       ||     1
Armor: Leather armour    |    40 |     6 |       ||    46
       Plate armour      |       |    36 |       ||    36
       Chain mail        |       |    30 |       ||    30
       Ring mail         |       |    32 |    30 ||    62
Dodge: Dodged            |    80 |    84 |    33 ||   197
Block: Other             |       |     4 |    15 ||    19
